 Dungeon Crawl Stone Soup version 0.27.1-33-g824d729ab1 (webtiles) character file.

Game seed: 7809434566223109649

170 klutch the Stinger (level 5, 0/38 HPs)
             Began as a Demonspawn Venom Mage on Dec 4, 2021.
             Slain by a gnoll (2 damage)
             ... on level 4 of the Dungeon.
             The game lasted 00:23:02 (3822 turns).

klutch the Stinger (Demonspawn Venom Mage)          Turns: 3822, Time: 00:23:02

Health: 0/38       AC:  6    Str: 16    XL:     5   Next: 25%
Magic:  8/8        EV: 12    Int: 14    God:
Gold:   22         SH:  0    Dex: 16    Spells: 5/9 levels left

rFire    . . .     SeeInvis .   m - +6 mace of Valamnul {vamp, Str+6 Int-2 Dex+3}
rCold    . . .     Faith    .   (no shield)
rNeg     . . .     Spirit   .   p - +0 leather armour
rPois    .         Reflect  .   (no helmet)
rElec    .         Harm     .   (no cloak)
rCorr    .         Rampage  .   (no gloves)
Will     .....                  (no boots)
Stlth    ++........             (no amulet)
HPRegen  0.12/turn              (no ring)
MPRegen  0.11/turn              (no ring)

@: very slightly contaminated
A: hooves 1, icy blue scales 2, powered by death 1
a: no special abilities


You were on level 4 of the Dungeon.
You visited 1 branch of the dungeon, and saw 4 of its levels.

You collected 150 gold pieces.
You spent 128 gold pieces at shops.

Inventory:

Hand Weapons
 c - a +0 club
 m - the +6 mace of Valamnul (weapon) {vamp, Str+6 Int-2 Dex+3}
   (You bought it in a shop on level 4 of the Dungeon)

   It occasionally heals its wielder for a portion of the damage dealt when it
   wounds a living foe.
   Str:       It affects your strength (+6).
   Int:       It affects your intelligence (-2).
   Dex:       It affects your dexterity (+3).
 o - a +2 trident of protection
Missiles
 e - 24 poisoned darts (quivered)
Armour
 a - a +1 robe
 d - a +0 scale mail
 g - a +0 ring mail
 p - a +0 leather armour (worn)
Magical Staves
 f - a staff of cold
Jewellery
 h - an amulet of faith
Scrolls
 i - a scroll of enchant weapon
Potions
 b - a potion of invisibility
 j - a potion of haste {unknown}
 k - a potion of might {unknown}
 n - a potion of curing {unknown}


   Skills:
 * Level 1.7 Fighting
 * Level 0.0 Maces & Flails
 + Level 1.0 Throwing
 * Level 1.5 Armour
 * Level 2.6 Dodging
 - Level 1.7 Stealth
 - Level 1.1 Unarmed Combat
 * Level 2.5 Spellcasting
 * Level 0.5 Conjurations
 - Level 1.0 Transmutations
 * Level 0.3 Air Magic
 * Level 3.4 Poison Magic


You had 5 spell levels left.
You knew the following spells:

 Your Spells              Type           Power      Damage    Failure   Level
a - Sting                 Tmut/Pois      32%        1d4       11%         1
b - Mephitic Cloud        Conj/Pois/Air  5%         N/A       41%         3

Your spell library contained the following spells:

 Spells                   Type           Power      Damage    Failure   Level
 Poisonous Vapours        Pois/Air       14%        N/A       19%         2
 Foxfire                  Conj/Fire      8%         2x1d4     26%         1
 Olgreb's Toxic Radiance  Pois           11%        N/A       54%         4
 Conjure Flame            Conj/Fire      2%         6-21      58%         3
 Inner Flame              Hex/Fire       1%         N/A       63%         3


Dungeon Overview and Level Annotations

Branches:
Dungeon (4/15)
 Temple: D:4-7

Altars:
Ru

Shops:
D:4 (


Innate Abilities, Weirdness & Mutations

You have large cloven feet.
You are mostly covered in icy blue scales. (AC +3)
You regenerate a little health from kills.


Message History

The gnoll hits you but does no damage.
Casting: Sting (safe; 11% risk of failure)
Confirm with . or Enter, or press ? or * to list all spells.
Aiming: Sting (safe; 11% risk of failure)
Press: ? - help, Shift-Dir - straight line, f/p - gnoll
Aim: a gnoll, wielding a +0 flail (severely wounded, poisoned, 72% to hit)
The sting hits the gnoll.
The gnoll looks even sicker.
The gnoll is almost dead.
The gnoll hits you but does no damage. The gnoll hits you with a +0 flail!
* * * LOW HITPOINT WARNING * * *
The gnoll misses you. The gnoll hits you but does no damage.
You kill the gnoll!
The gnoll hits you but does no damage.
A gnoll comes into view. It is wielding a +1 whip of freezing.
The gnoll hits you from afar with a +0 spear.
* * * LOW HITPOINT WARNING * * *
The gnoll shaman calls upon its god to speed up the gnoll.
The gnoll seems to speed up.
Found a scroll labelled UGOOSOU WE SUO.
The gnoll barely misses you.
Found 10 gold pieces.
The gnoll barely misses you.
You fade into invisibility!
The gnoll closely misses you. The gnoll barely misses you. x2
You are very lightly contaminated with residual magic.
Found a curved silver wand.
The gnoll misses you.
Found 2 fuming blue potions.
The gnoll is no longer moving quickly.
You flicker for a moment.
The gnoll hits you from afar with a +0 spear.
* * * LOW HITPOINT WARNING * * *
You flicker back into view.
The gnoll hits you from afar with a +0 spear.
* * * LOW HITPOINT WARNING * * *
The gnoll hits you but does no damage.
The gnoll is no longer moving quickly.
The gnoll hits you from afar with a +0 spear.
* * * LOW HITPOINT WARNING * * *
There is a stone staircase leading up here.
The gnoll hits you from afar with a +0 spear.
You die...

..###...#......#......
..##.[.........#....##
...#......g..........###.
####.....#...#...........
.)......##..g......#
##..###..#.........#
###.#.##.#.......#..## .
#...........g..##..#
..#....#........@....#
..#..####.....#).......#
..#..........##..###...#
#..........###..# .... #
......... #.## ##
........##..# ...##...#
.## ..


You could see a gnoll shaman and 2 gnolls.

Vanquished Creatures
  Natasha (thrice) (D:3)
  A gnoll (D:4)
  3 adders
  2 orcs
  4 endoplasms
  5 giant cockroaches
  4 goblins
  3 hobgoblins (D:1)
  7 jackals
  7 kobolds
  2 quokkas
  4 ball pythons
  2 bats
  4 frilled lizards
  6 rats
57 creatures vanquished.

Notes
Turn   | Place    | Note
-------+----------+-------------------------------------------
     0 | D:1      | klutch the Demonspawn Venom Mage began the quest for the
                  | Orb.
     0 | D:1      | Reached XP level 1. HP: 13/13 MP: 3/3
   214 | D:1      | Reached skill level 1 in Transmutations
   278 | D:1      | Found a faded altar of an unknown god.
   323 | D:1      | Gained mutation: You regenerate a little health from kills.
                  | [demonic ancestry]
   323 | D:1      | Reached XP level 2. HP: 20/20 MP: 3/5
  1522 | D:2      | Gained mutation: You have large cloven feet. [demonic
                  | ancestry]
  1522 | D:2      | Reached XP level 3. HP: 25/25 MP: 4/6
  1917 | D:2      | Reached skill level 1 in Fighting
  2022 | D:2      | Learned a level 3 spell: Mephitic Cloud
  2490 | D:2      | Reached skill level 1 in Armour
  2722 | D:3      | Noticed Natasha
  2731 | D:3      | Killed Natasha
  2732 | D:3      | Gained mutation: You are partially covered in icy blue
                  | scales. (AC +2) [demonic ancestry]
  2732 | D:3      | Reached XP level 4. HP: 11/32 MP: 2/7
  2897 | D:3      | Reached skill level 1 in Unarmed Combat
  3022 | D:3      | Found a sacrificial altar of Ru.
  3083 | D:3      | Noticed Natasha
  3099 | D:3      | Killed Natasha
  3317 | D:3      | Noticed Natasha
  3325 | D:3      | Killed Natasha
  3326 | D:3      | Reached skill level 1 in Throwing
  3326 | D:3      | Gained mutation: You are mostly covered in icy blue scales.
                  | (AC +3) [demonic ancestry]
  3326 | D:3      | Reached XP level 5. HP: 18/37 MP: 4/8
  3674 | D:4      | Found Ecsuh's Antique Weapon Shoppe.
  3684 | D:4      | Bought a twisted mace for 128 gold pieces
  3684 | D:4      | Identified the +6 mace of Valamnul {vamp, Str+6 Int-2
                  | Dex+3} (You bought it in a shop on level 4 of the Dungeon)
  3822 | D:4      | Slain by a gnoll

Illustrated notes

Levels and vault maps discovered:
D:1:      minmay_arrival_solitary_statue, layout_loops_corners,
          ebering_ecumenical_altar_petrified
D:2:      layout_basic
D:3:      layout_rooms, mainiacjoe_overflow_brackets, uniq_natasha
D:4:      layout_cave_pools, nicolae_elyvilon_temple_path, serial_shops,
          nicolae_shop_stone

Skill      XL: |  1  2  3  4 |
---------------+-------------+-----
Transmutations | 1 |  1.0
Dodging        | 2 |  2.6
Fighting       | 1 |  1.7
Armour         | 1 |  1.5
Unarmed Combat | 1 |  1.1
Throwing       | 1 |  1.0
Stealth        | |  1.7
Spellcasting   | |  2.5
Conjurations   | |  0.5
Air Magic      | |  0.3
Poison Magic   | |  3.4

Action                   |  1- 3 |  4- 6 || total
-------------------------+-------+-------++-------
Melee: Club              |    81 |    11 ||    92
       Kick              |     8 |     3 ||    11
       Punch             |       |     1 ||     1
       Mace              |       |     1 ||     1
Throw: Dart              |    51 |    25 ||    76
 Cast: Sting             |    30 |    11 ||    41
       Mephitic Cloud    |     1 |       ||     1
  Use: Scroll            |     1 |     5 ||     6
       Potion            |       |     1 ||     1
 Stab: Sleeping          |       |     1 ||     1
Armor: Robe              |    23 |     4 ||    27
       Leather armour    |       |     9 ||     9
Dodge: Dodged            |    61 |    18 ||    79
